Map: Lightshade LE

Players

PattyMac - Winner!

  • Race: Protoss Protoss
  • Spawn Location: 11:00

Epic

  • Race: Terran Terran
  • League: Grandmaster
  • Spawn Location: 5:00

Event: DreamHack SC2 Masters 2020 Winter

VOD

Have the link to the VOD?

Description

Time

  • Played on: Oct. 15, 2020, 8:27 p.m.
  • Length: 7:26

All games in this series

Show
View Real Time Build Order
Export as new Build Order

PattyMac Protoss - Winner!

Build Orders: 1 Gate Expand 

Get SALT Encoding   

  12  0:00  Probe  
  13  0:12  Probe  
  14  0:17  Pylon  
  14  0:24  Probe (Chrono Boost)  
  16  0:37  Probe (Chrono Boost)  
  16  0:39  Gateway  
  16  0:42  Probe (Chrono Boost)  
  16  0:46  Assimilator  
  17  0:51  Probe  
  18  1:03  Probe  
  19  1:15  Probe  
  20  1:22  Nexus  
  20  1:32  Cybernetics Core  
  20  1:35  Probe  
  21  1:41  Assimilator  
  22  1:47  Probe  
  22  1:53  Pylon  
  22  1:59  Probe  
  23  2:11  Stalker (Chrono Boost), Probe  
  26  2:21  Warp Gate  
  26  2:23  Probe  
  26  2:26  Shield Battery  
  26  2:33  Stalker (Chrono Boost)  
  26  2:35  Probe  
  29  2:42  Probe  
  30  2:50  Robotics Facility, Probe (Chrono Boost)  
  31  2:54  Probe (Chrono Boost)  
  32  3:03  Stalker, Probe (Chrono Boost)  
  32  3:04  Probe (Chrono Boost)  
  37  3:12  Probe (Chrono Boost)  
  37  3:15  Probe (Chrono Boost)  
  38  3:25  Probe (Chrono Boost)  
  38  3:26  Probe (Chrono Boost)  
  40  3:30  Nexus  
  40  3:34  Probe x2  
  41  3:38  Observer (Chrono Boost)  
  41  3:40  Pylon  
  43  3:46  Probe x2  
  45  3:50  Gateway  
  45  3:53  Gateway  
  45  3:58  Probe x2  
  45  4:02  Pylon  
  47  4:03  Observer (Chrono Boost)  
  48  4:10  Probe  
  48  4:11  Twilight Council  
  49  4:17  Stalker  
  49  4:19  Probe  
  49  4:21  Observer  
  49  4:22  Observer (Chrono Boost), Probe  
  54  4:31  Probe  
  54  4:32  Pylon  
  54  4:37  Gateway  
  55  4:38  Gateway  
  55  4:39  Gateway, Probe  
  55  4:43  Probe x2  
  58  4:46  Shield Battery  
  58  4:48  Charge (Chrono Boost)  
  58  4:51  Probe  
  58  4:52  Observer (Chrono Boost)  
  60  4:56  Probe  
  60  4:57  Probe  
  60  4:58  Forge  
  62  5:03  Probe  
  63  5:08  Probe  
  63  5:11  Stalker x2  
  69  5:18  Gateway  
  68  5:22  Gateway  
  68  5:36  Photon Cannon  
  68  5:37  Warp Prism (Chrono Boost)  
  68  5:41  Zealot x5  
  68  5:42  Zealot  
  82  5:44  Probe x2  
  82  5:46  Probe  
  82  5:48  Observer  
  83  5:55  Observer  
  83  5:59  Pylon, Observer  
  83  6:02  Zealot  
  85  6:06  Pylon  
  85  6:07  Pylon  
  85  6:08  Pylon  
  85  6:10  Pylon  
  85  6:23  Zealot x4  
  85  6:24  Zealot x4  
  94  6:47  Zealot x8  
  102  6:58  Probe x2  
  102  7:00  Assimilator  
  102  7:01  Assimilator  
  104  7:07  Zealot x2  
  104  7:08  Zealot x6  
  112  7:23  Robotics Bay  
Show
View Real Time Build Order
Export as new Build Order

Epic Terran 

Build Orders: Reaper Expand, Banshee Rush 

Get SALT Encoding   

  12  0:00  SCV  
  13  0:12  SCV  
  14  0:17  Supply Depot  
  14  0:24  SCV  
  15  0:38  SCV  
  15  0:40  Barracks  
  16  0:43  Refinery  
  16  0:50  SCV  
  17  1:02  SCV  
  18  1:15  SCV  
  19  1:27  Orbital Command, Reaper  
  20  1:45  Command Center  
  20  1:53  SCV  
  21  1:56  Bunker  
  21  2:04  Supply Depot  
  21  2:05  SCV  
  22  2:19  Factory  
  22  2:20  SCV  
  22  2:21  Barracks Reactor  
  23  2:31  Refinery  
  23  2:32  SCV  
  24  2:44  SCV  
  25  2:56  SCV  
  26  2:59  Orbital Command  
  26  3:06  Starport  
  26  3:08  SCV  
  27  3:14  Hellion  
  27  3:15  Hellion  
  29  3:21  Barracks Tech Lab  
  29  3:22  SCV  
  29  3:24  SCV  
  31  3:35  SCV  
  31  3:36  SCV  
  37  3:47  Cloaking Field  
  37  3:48  Supply Depot, Banshee  
  37  3:49  SCV x2  
  42  4:00  Command Center  
  38  4:02  SCV x2  
  38  4:09  Factory Tech Lab  
  38  4:11  Marine x2  
  38  4:14  SCV  
  38  4:15  SCV  
  38  4:16  Barracks  
  42  4:21  Barracks  
  42  4:27  Supply Depot, Siege Tank  
  42  4:28  SCV  
  42  4:29  SCV  
  47  4:34  Banshee  
  50  4:40  Marine x2  
  50  4:41  SCV  
  50  4:42  SCV  
  54  4:46  Refinery  
  54  4:48  Engineering Bay  
  54  4:54  SCV x2  
  56  5:03  Barracks  
  56  5:04  Barracks Tech Lab  
  56  5:06  SCV x2, Barracks  
  58  5:09  Siege Tank  
  61  5:14  Terran Infantry Weapons Level 1  
  61  5:19  Orbital Command  
  62  5:21  SCV x2  
  62  5:27  Stimpack  
  63  5:31  Marine, Marauder x2  
  63  5:32  Marine  
  64  5:37  Starport Reactor  
  64  5:39  Refinery  
  64  5:41  SCV x2  
  66  5:44  Supply Depot  
  66  5:47  Orbital Command  
  66  5:51  Marine x2  
  66  5:52  Marine  
  66  5:53  Marine  
  66  5:54  Siege Tank  
  73  6:01  Marauder  
  73  6:02  Supply Depot x2  
  73  6:03  Marauder  
  77  6:09  Supply Depot  
  77  6:10  Marine  
  77  6:11  Marine  
  79  6:19  Medivac  
  79  6:21  Marine x2  
  83  6:27  Supply Depot  
  83  6:28  Supply Depot, Marine x3  
  83  6:31  Siege Tank  
  84  6:43  Marine  
  84  6:44  Marine x2  
  83  6:47  Marauder x2  
  83  6:50  Marine  
Tags
 
Add a new tag
Caveats
  • Supply blocks, unpowered buildings, or Contaminate may cause inaccurate times.
  • Supply counts are checked every 10 seconds.